 Dungeon Crawl Stone Soup version 0.27.1-3-gb3d3a73c9e (webtiles) character file.

Game seed: 4998087263615540500

23 Gynju the Sneak (level 3, -3/19 HPs)
             Began as a Kobold Enchanter on Oct 16, 2021.
             Killed by nerve-wracking pain
             ... invoked by Jessica
              (13 damage)
             ... on level 2 of the Dungeon.
             The game lasted 00:02:06 (1633 turns).

Gynju the Sneak (Kobold Enchanter)                  Turns: 1633, Time: 00:02:09

Health: -3/19      AC:  2    Str:  5    XL:     3   Next: 10%
Magic:  6/6        EV: 15    Int: 16    God:
Gold:   50         SH:  0    Dex: 16    Spells: 3/6 levels left

rFire    . . .     SeeInvis .   a - +1 dagger
rCold    . . .     Faith    .   (shield restricted)
rNeg     . . .     Spirit   .   b - +0 robe
rPois    .         Reflect  .   (no helmet)
rElec    .         Harm     .   (no cloak)
rCorr    .         Rampage  .   (no gloves)
Will     .....                  (no boots)
Stlth    ++++......             (no amulet)
HPRegen  0.06/turn              (no ring)
MPRegen  0.10/turn              (no ring)

@: no status effects
A: small, no large weapons, nightstalker 3
a: no special abilities


You were on level 2 of the Dungeon.
You visited 1 branch of the dungeon, and saw 2 of its levels.

You collected 50 gold pieces.

Inventory:

Hand Weapons
 a - a +1 dagger (weapon)
Armour
 b - a +0 robe (worn)
Scrolls
 d - a scroll of teleportation {unknown}
 f - a scroll of noise {unknown}
Potions
 c - 2 potions of might {unknown}
 e - a potion of resistance {unknown}


   Skills:
 - Level 1.3 Short Blades
 - Level 2.4 Dodging
 + Level 4.7 Stealth
 + Level 2.3 Spellcasting
 + Level 3.4 Hexes


You had 3 spell levels left.
You knew the following spells:

 Your Spells              Type           Power      Damage    Failure   Level
a - Corona                Hex            14%        N/A       4%          1
b - Ensorcelled Hibernat  Hex/Ice        14%        N/A       14%         2

Your spell library contained the following spells:

 Spells                   Type           Power      Damage    Failure   Level
 Confusing Touch          Hex            13%        N/A       14%         3
 Tukima's Dance           Hex            13%        N/A       14%         3
 Dazzling Flash           Conj/Hex       14%        N/A       28%         3


Dungeon Overview and Level Annotations

Branches:
Dungeon (2/15)

Altars:

Annotations:
D:2 Jessica


Innate Abilities, Weirdness & Mutations

You are small and have problems with some larger weapons.
You are completely attuned to the shadows.


Message History

You hit the goblin.
The goblin is severely wounded.
The goblin misses you.
You hit the goblin.
The goblin is almost dead.
The goblin hits you with a +0 dagger.
You hit the goblin.
You kill the goblin!
No target in view!
No target in view!
You now have 50 gold pieces (gained 15).
Things that are here:
a +0 dagger; a goblin corpse A worm comes into view.
A worm is nearby!
A worm is nearby!
A worm is nearby!
Found Jessica's Tome of Unholy Arts.
Jessica the Apprentice Sorceress comes into view.
She is wielding a +0 dagger.
Found a dark potion.
There is an open door here.
Jessica shouts!
You hit Jessica but do no damage. Jessica misses you.
You hit Jessica.
Jessica is moderately wounded.
Jessica misses you.
You hit Jessica but do no damage.
Jessica is moderately wounded.
Jessica closely misses you.
You hit Jessica but do no damage.
Jessica is moderately wounded.
Jessica casts a spell at you. Pain shoots through your body!
You closely miss Jessica.
Jessica is moderately wounded.
The worm barely misses you. Jessica gestures at you while chanting.
Pain shoots through your body!
Ouch! That really hurt!
You die...

.......#.........#
...[(..#.###...).#
##.....#.#
#.....####.
#.##..#.#
.......... #.##..#
......#.## #.##..#
####.†).# #.#####
...##...#
....#...# #
...w@...# #
...@#..## #
.!:##..# # ###
..## # ## #


You could see a worm and Jessica.

Vanquished Creatures
  2 bats (D:1)
  A giant cockroach (D:1)
  4 goblins
  5 hobgoblins (D:1)
  A kobold (D:2)
  3 quokkas
  2 ball pythons
  2 rats (D:1)
20 creatures vanquished.

Notes
Turn   | Place    | Note
-------+----------+-------------------------------------------
     0 | D:1      | Gynju the Kobold Enchanter began the quest for the Orb.
     0 | D:1      | Reached XP level 1. HP: 10/10 MP: 3/3
   389 | D:1      | Reached XP level 2. HP: 8/15 MP: 3/5
  1409 | D:1      | Found a faded altar of an unknown god.
  1496 | D:1      | Learned a level 2 spell: Ensorcelled Hibernation
  1587 | D:2      | Reached XP level 3. HP: 19/19 MP: 6/6
  1627 | D:2      | Noticed Jessica
  1633 | D:2      | Killed from afar by Jessica

Illustrated notes

Levels and vault maps discovered:
D:1:      lemuel_arrival_tunnels, layout_basic,
          hellmonk_ecumenical_altar_inner_sanctum,
          chequers_serial_rivers_micro_c, minmay_misc_feat_five
D:2:      layout_basic, kennysheep_jessica_study

Action                   || total
-------------------------++-------
Melee: Dagger            ||    80
 Cast: Corona            ||     2
 Stab: Sleeping          ||     7
Armor: Robe              ||     9
Dodge: Dodged            ||    54
